 Dungeon Crawl Stone Soup version 0.27.1-34-g3ba077fa99 (webtiles) character file.

Game seed: 3794093577595829965

6085 McKennaii the Spear-Bearer (level 10, -8/80 HPs)
             Began as a Demonspawn Fighter on Jan 15, 2022.
             Was a Believer of Qazlal.
             Mangled by a boulder beetle (15 damage)
             ... on level 9 of the Dungeon.
             The game lasted 00:17:44 (13418 turns).

McKennaii the Spear-Bearer (Demonspawn Fighter)    Turns: 13418, Time: 00:17:44

Health: -8/80      AC: 17    Str: 15    XL:     10   Next: 58%
Magic:  10/10      EV:  5    Int:  9    God:    Qazlal [**....]
Gold:   222        SH: 13    Dex: 15    Spells: 9/9 levels left

rFire    . . .     SeeInvis .   a - +0 trident
rCold    + . .     Faith    +   c - +0 kite shield
rNeg     + + +     Spirit   .   F - +4 chain mail of Noughts and Crosses {Rampage Dex+2}
rPois    .         Reflect  .   (no helmet)
rElec    +         Harm     .   (no cloak)
rCorr    .         Rampage  +   L - +0 pair of gloves
Will     .....                  (no boots)
Stlth    ..........             J - amulet of faith
HPRegen  0.23/turn              m - +4 ring of slaying
MPRegen  0.24/turn              C - ring "Leiloec" {Fly rElec rC+ rN+++ Str-5}

@: flying
A: claws 2, yellow scales 1, magic regeneration
a: Renounce Religion, Upheaval


You were on level 9 of the Dungeon.
You worshipped Qazlal.
Qazlal was pleased with you.
You visited 2 branches of the dungeon, and saw 11 of its levels.
You also visited: Sewer.

You collected 478 gold pieces.
You spent 256 gold pieces at shops.

Inventory:

Hand Weapons
 a - a +0 trident (weapon)
Armour
 c - a +0 kite shield (worn)
 p - a +0 plate armour of poison resistance
 F - the +4 chain mail of Noughts and Crosses (worn) {Rampage Dex+2}
   (You bought it in a shop on level 6 of the Dungeon)

   Dex:       It affects your dexterity (+2).
   Rampage:   It bestows one free step when moving towards enemies.
 L - a +0 pair of gloves (worn)
Jewellery
 m - a +4 ring of slaying (left hand)
 C - the ring "Leiloec" (right hand) {Fly rElec rC+ rN+++ Str-5}
   (You found it on level 6 of the Dungeon)

   [ring of flight]

   Str:       It affects your strength (-5).
   rC:        It protects you from cold.
   rElec:     It insulates you from electricity.
   rN:        It renders you almost immune to negative energy.
   Fly:       It grants you flight.
 D - a ring of poison resistance
 H - a ring of ice
 J - an amulet of faith (around neck)
Wands
 q - a wand of flame (31)
Scrolls
 b - a scroll of silence {unknown}
 e - a scroll of vulnerability {unknown}
 f - 3 scrolls of blinking
 g - 3 scrolls of teleportation
 h - 7 scrolls of identify {unknown}
 l - 2 scrolls of holy word {unknown}
 o - a scroll of torment {unknown}
 s - 3 scrolls of enchant weapon {unknown}
 t - 2 scrolls of magic mapping {unknown}
 u - a scroll of fog {unknown}
 w - a scroll of summoning {unknown}
 y - 3 scrolls of amnesia {unknown}
 A - a scroll of acquirement {unknown}
 E - a scroll of noise {unknown}
 K - a scroll of immolation {unknown}
Potions
 d - a potion of might
 i - 4 potions of haste
 j - 2 potions of curing
 k - 2 potions of ambrosia {unknown}
 n - a potion of berserk rage {unknown}
 r - 5 potions of resistance
 v - 3 potions of heal wounds
 x - 2 potions of invisibility {unknown}
 z - 4 potions of mutation {unknown}
 B - 2 potions of magic {unknown}
 I - 2 potions of brilliance {unknown}


   Skills:
 + Level 7.8 Fighting
 * Level 9.5 Polearms
 + Level 7.1 Armour
 + Level 7.1 Shields


You had 9 spell levels left.
You didn't know any spells.
Your spell library contained the following spells:

 Spells                   Type           Power      Damage    Failure   Level
 Magic Dart               Conj           0%         1d3       100%        1
 Pain                     Necr           0%         1d4       100%        1
 Call Imp                 Summ           0%         N/A       100%        2
 Corpse Rot               Necr/Air       N/A        N/A       100%        2
 Poisonous Vapours        Pois/Air       0%         N/A       100%        2
 Call Canine Familiar     Summ           0%         N/A       100%        3
 Inner Flame              Hex/Fire       0%         N/A       100%        3
 Mephitic Cloud           Conj/Pois/Air  0%         N/A       100%        3
 Portal Projectile        Hex/Tloc       0%         N/A       100%        3
 Animate Dead             Necr           0%         N/A       100%        4
 Cause Fear               Hex            0%         N/A       100%        4
 Leda's Liquefaction      Hex/Erth       0%         N/A       100%        4
 Agony                    Necr           0%         N/A       100%        5
 Borgnjor's Vile Clutch   Necr/Erth      0%         N/A       100%        5
 Excruciating Wounds      Necr           0%         N/A       100%        5
 Freezing Cloud           Conj/Ice/Air   0%         6-21      100%        5
 Summon Forest            Summ/Tloc      0%         N/A       100%        5
 Summon Mana Viper        Hex/Summ       0%         N/A       100%        5
 Death Channel            Necr           0%         N/A       100%        6
 Shadow Creatures         Summ           N/A        N/A       100%        6
 Discord                  Hex            0%         N/A       100%        8


Dungeon Overview and Level Annotations

Branches:
Dungeon (10/15)            Temple (1/1) D:6             Orc (0/2) D:9
  Sewer (visited)
   Lair: D:8-11

Altars:
Ashenzari
Cheibriados
Dithmenos
Elyvilon
Fedhas
Gozag
Hepliaklqana
Kikubaaqudgha
Makhleb
Nemelex Xobeh
Qazlal
Ru
Sif Muna
Trog
Uskayaw
Vehumet
Wu Jian
Xom
Yredelemnul
Zin
The Shining One

Shops:
D:1 **   D:6 [   D:9 [

Annotations:
D:10 Fannar, Joseph


Innate Abilities, Weirdness & Mutations

You have very sharp fingernails.
You are partially covered in yellow scales. (AC +2)
You regenerate magic rapidly.


Message History

* * * LOW HITPOINT WARNING * * *
You hit the boulder beetle but do no damage.
The boulder beetle is severely wounded.
The boulder beetle bites you!
* * * LOW HITPOINT WARNING * * *
You hit the boulder beetle but do no damage.
The boulder beetle is severely wounded.
The boulder beetle closely misses you.
You barely miss the boulder beetle.
The boulder beetle is severely wounded.
You block the boulder beetle's attack.
You hit the boulder beetle but do no damage.
The boulder beetle is severely wounded.
The boulder beetle bites you but does no damage.
You hit the boulder beetle.
The boulder beetle is severely wounded.
The boulder beetle barely misses you.
You puncture the boulder beetle!
The boulder beetle is almost dead.
You hit the boulder beetle but do no damage.
The boulder beetle is almost dead.
The boulder beetle bites you but does no damage.
You hit the boulder beetle.
The boulder beetle is almost dead.
The boulder beetle leaps!
Aiming: Throw Flame
Press: ? - help, Shift-Dir - straight line, f/p - boulder beetle
Aim: a boulder beetle (almost dead, 100% to hit)
The puff of flame hits the boulder beetle but does no damage.
The boulder beetle is almost dead.
The boulder beetle curls into a ball and begins rolling!
Aiming: Throw Flame
Press: ? - help, Shift-Dir - straight line, f/p - boulder beetle
Aim: a boulder beetle (almost dead, rolling, 100% to hit)
The puff of flame hits the boulder beetle but does no damage.
The boulder beetle is almost dead.
You hit the boulder beetle but do no damage.
The boulder beetle is almost dead.
The boulder beetle hits you!
You die...

#####
################...##########
...................$°.......°
########[[.[....@B°°(....#
#######.####...[.....##.#
#.....[.# #......)..##...
##.#####[# #......).....# ..
#.# ####..).####.# ## ###.#
#.)).# # ### #...# #....# ..#
#.#.# #..#.# #.# #.#...
........


You could see a boulder beetle (rolling).

Vanquished Creatures
  A centaur warrior (D:8)
  A troll (D:9)
  A shadow (D:6)
  Sigmund (D:6)
  A wyvern (D:9)
  4 yaks
  A steam dragon (D:6)
  A water moccasin (D:8)
  Duvessa (D:5)
  5 orc warriors
  2 sky beasts
  3 necrophages
  2 ogres
  4 centaurs
  4 bullfrogs
  9 scorpions
  Dowan (D:5)
  A wyvern zombie (D:7)
  5 wights (D:9)
  6 killer bees (D:9)
  4 centaur zombies
  A bullfrog skeleton (D:5)
  3 orc priests
  2 hounds
  3 jellies
  A centaur skeleton (D:7)
  3 iguanas
  9 orc wizards
  4 gnolls (D:4)
  A howler monkey zombie (D:9)
  A howler monkey skeleton (D:7)
  6 river rats
  14 adders
  2 shadow imps
  A white imp (D:8)
  5 dart slugs
  27 orcs
  22 ball pythons
  5 bats
  5 endoplasms
  3 giant cockroaches
  9 goblins
  6 hobgoblins
  11 jackals
  3 quokkas
  4 frilled lizards
  7 kobolds
  28 rats
244 creatures vanquished.

Vanquished Creatures (others)
  A fungus (D:4)
1 creature vanquished.

Grand Total: 245 creatures vanquished

Notes
Turn   | Place    | Note
-------+----------+-------------------------------------------
     0 | D:1      | McKennaii the Demonspawn Fighter began the quest for the
                  | Orb.
     0 | D:1      | Reached XP level 1. HP: 18/18 MP: 1/1
   111 | D:1      | Reached skill level 2 in Polearms
   154 | D:1      | Gained mutation: You are partially covered in yellow
                  | scales. (AC +2) [demonic ancestry]
   154 | D:1      | Reached XP level 2. HP: 24/24 MP: 2/2
   226 | D:1      | Found a faded altar of an unknown god.
   352 | D:1      | Found Tenaxty's Assorted Antiques.
   487 | D:1      | Found Boc Qoch's General Store.
   553 | D:1      | Reached XP level 3. HP: 21/29 MP: 3/3
  1760 | D:3      | Reached XP level 4. HP: 35/35 MP: 4/4
  2271 | D:3      | Reached skill level 3 in Polearms
  2382 | D:4      | Noticed a necrophage
  2394 | D:4      | Killed a necrophage
  2395 | D:4      | Reached XP level 5. HP: 36/42 MP: 5/5
  2795 | D:4      | Found a glowing drain.
  2892 | D:4      | Gained mutation: You have sharp fingernails. [demonic
                  | ancestry]
  2892 | D:4      | Reached XP level 6. HP: 8/48 MP: 6/6
  2982 | Sewer    | Entered a sewer
  3271 | Sewer    | Reached skill level 4 in Polearms
  3785 | Sewer    | Gained mutation: You regenerate magic rapidly. [demonic
                  | ancestry]
  3785 | Sewer    | Reached XP level 7. HP: 11/55 MP: 7/7
  5035 | D:4      | Reached skill level 5 in Polearms
  5631 | D:4      | Found the +7 Singing Sword {vorpal, sonic wave}
  5664 | D:4      | Reached skill level 5 in Fighting
  5913 | D:5      | Entered Level 5 of the Dungeon
  5999 | D:5      | Reached XP level 8. HP: 23/62 MP: 8/8
  6473 | D:5      | Noticed Duvessa
  6474 | D:5      | Noticed Dowan
  6483 | D:5      | Killed Duvessa
  6484 | D:5      | Reached skill level 6 in Polearms
  6491 | D:5      | Killed Dowan
  6601 | D:5      | Reached skill level 5 in Armour
  6601 | D:5      | Reached skill level 5 in Shields
  7738 | D:6      | Identified the ring "Leiloec" {Fly rElec rC+ rN+++ Str-5}
  7740 | D:6      | Noticed Sigmund
  7746 | D:6      | Killed Sigmund
  7928 | D:6      | Reached skill level 7 in Polearms
  8056 | D:5      | Gained mutation: You have very sharp fingernails. [demonic
                  | ancestry]
  8056 | D:5      | Reached XP level 9. HP: 22/69 MP: 9/9
  8839 | D:6      | Found a staircase to the Ecumenical Temple.
  8867 | Temple   | Entered the Ecumenical Temple
  9012 | Temple   | Became a worshipper of Qazlal Stormbringer
  9343 | D:6      | Found Fuamaidwash's Antique Armour Emporium.
  9351 | D:6      | Bought a spiked chain mail for 256 gold pieces
  9351 | D:6      | Identified the +4 chain mail of Noughts and Crosses
                  | {Rampage Dex+2} (You bought it in a shop on level 6 of the
                  | Dungeon)
  9852 | D:7      | Found a shadowy altar of Dithmenos.
  9853 | D:7      | Found a shimmering blue altar of Sif Muna.
  9853 | D:7      | Found a hide-covered altar of Uskayaw.
  9854 | D:7      | Found an ancient bone altar of Kikubaaqudgha.
  9855 | D:7      | Found a blossoming altar of Fedhas.
  9913 | D:7      | Found a shimmering altar of Xom.
  9916 | D:7      | Found a bloodstained altar of Trog.
 10248 | D:8      | Reached skill level 8 in Polearms
 10304 | D:8      | Noticed a centaur warrior
 10348 | D:8      | Killed a centaur warrior
 10348 | D:8      | Reached * piety under Qazlal
 10349 | D:8      | Reached XP level 10. HP: 9/79 MP: 10/10
 10790 | D:8      | Found a burning altar of Makhleb.
 11017 | D:8      | Found a snail-covered altar of Cheibriados.
 11272 | D:9      | Noticed a boulder beetle
 11623 | D:9      | Found Heutes's Armour Boutique.
 11624 | D:9      | Found a staircase to the Orcish Mines.
 11923 | D:9      | Reached skill level 9 in Polearms
 12542 | D:9      | HP: 3/80 [something/magic dart (4)]
 12574 | D:10     | Entered Level 10 of the Dungeon
 12574 | D:10     | Noticed Fannar
 12578 | D:10     | Noticed Joseph
 12841 | D:9      | Reached ** piety under Qazlal
 13408 | D:9      | HP: 4/80 [boulder beetle (9)]
 13418 | D:9      | Mangled by a boulder beetle

Illustrated notes

Levels and vault maps discovered:
D:1:      amcnicky_arrival_choice, layout_rooms, ebering_ecumenical_altar_hall,
          serial_shops, nicolae_shop_behind_doors, shop, hangedman_decor_points,
          minmay_cupped
D:2:      layout_loops_corners
D:3:      layout_basic
D:4:      old_forge, layout_layer_cave, portal_sewer_entry_c
D:5:      layout_loops_corners, uniq_duvessa
D:6:      layout_cave_pools, minmay_temple_entry_wispy, serial_shops,
          nicolae_square_shop, kennysheep_generic_room_10, uniq_sigmund
D:7:      layout_basic, minitemple, grunt_temple_overflow_diamond
D:8:      layout_loops_ring, general_overflow_altar,
          mainiacjoe_overflow_tiny_flanked, minmay_bent
D:9:      layout_loops_ring, orc_david_3, minmay_misc_feat_four_crosses
D:10:     layout_long_grid, pf_just_have_faith, grunt_lair_entry_orc_guard_hut,
          serial_shops, nicolae_shop_crystal, uniq_nergalle, uniq_joseph,
          uniq_fannar
Temple:   jpeg_temple_clearing

Skill      XL: |  1  2  3  4  5  6  7  8  9 10 |
---------------+-------------------------------+-----
Polearms       | 2 3 4 5 7 8 9 |  9.5
Armour         | 3 4 5 6 7 |  7.1
Shields        | 3 4 5 6 7 |  7.1
Fighting       | 4 5 6 7 |  7.8

Action                   |  1- 3 |  4- 6 |  7- 9 | 10-12 || total
-------------------------+-------+-------+-------+-------++-------
Melee: Trident           |   131 |   241 |   417 |   262 ||  1051
Evoke: Wand              |       |       |     1 |    23 ||    24
  Use: Potion            |       |     2 |     2 |     1 ||     5
       Scroll            |       |     1 |       |     4 ||     5
Armor: Scale mail        |    67 |   162 |   127 |       ||   356
       Chain mail        |       |       |    66 |   133 ||   199
Dodge: Dodged            |    34 |   115 |   103 |    55 ||   307
Block: Kite shield       |    46 |   181 |   179 |   191 ||   597
